 Dungeon Crawl Stone Soup version 0.28.0-45-g0d030f2227 (webtiles) character file.

Game seed: 17208029046969669039

400 zeratav the Insei (level 6, -2/42 HPs)
             Began as an Octopode Transmuter on Apr 10, 2022.
             Splashed by a jelly's acid (6 damage)
             ... on level 4 of the Dungeon.
             The game lasted 00:06:00 (4869 turns).

zeratav the Insei (Octopode Transmuter)             Turns: 4869, Time: 00:06:01

Health: -2/42      AC: -7    Str:  9    XL:     6   Next: 84%
Magic:  18/18      EV: 14    Int: 15    God:
Gold:   215        SH:  0    Dex: 15    Spells: 5/9 levels left

rFire   x . .      SeeInvis .   m - +3 trident {polearm}
rCold   + . .      Faith    .   (no shield)
rNeg    . . .      Spirit   .   (helmet currently unavailable)
rPois   .          Reflect  .   (no amulet)
rElec   .          Harm     .   a - ring of ice
rCorr   .          Rampage  .   d - ring of magical power
Will    .....                   (no ring)
Stlth   ++++......              (no ring)
HPRegen 0.14/turn               (no ring)
MPRegen 0.16/turn               (no ring)
                                (no ring)
                                (no ring)

@: appendages (expiring), corroded
A: tentacle spike 3, almost no armour, amphibious, 8 rings, camouflage 1,
gelatinous body 1, (nimble swimmer 1), tentacles
a: End Transformation


You were on level 4 of the Dungeon.
One of your tentacles had grown a beastly spike.
You visited 1 branch of the dungeon, and saw 4 of its levels.
You also visited: Sewer.

You collected 215 gold pieces.


Innate Abilities, Weirdness & Mutations

One of your tentacles has grown a beastly spike.
You cannot wear most types of armour.
You are amphibious.
You can wear up to eight rings at the same time.
Your skin changes colour to match your surroundings (Stealth+).
Your rubbery body absorbs attacks. (AC +1, EV +1)
((You are camouflaged when in or above water. (Stealth+)))
You have tentacles for arms and can constrict up to eight enemies at once.


   Skills:
 + Level 3.0 Fighting
 + Level 3.5 Dodging
 + Level 4.1 Stealth
 * Level 5.1 Unarmed Combat
 - Level 2.0 Spellcasting
 - Level 2.0 Transmutations


You had 5 spell levels left.
You knew the following spells:

 Your Spells              Type           Power      Damage    Failure   Level
a - Beastly Appendage     Tmut           14%        N/A       10%         1
b - Spider Form           Tmut/Pois      4%         N/A       41%         3

Your spell library contained the following spells:

 Spells                   Type           Power      Damage    Failure   Level
 Wereblood                Tmut           7%         N/A       14%         2
 Ice Form                 Ice/Tmut       6%         N/A       82%         4

Inventory:

Hand Weapons
 m - a +3 trident (weapon) {polearm}
   (You found it on level 2 of the Dungeon)
Jewellery
 a - a ring of ice (left tentacle)
   (You found it on level 1 of the Dungeon)
 d - a ring of magical power (right tentacle)
   (You found it on level 1 of the Dungeon)
Scrolls
 c - a scroll of brand weapon {unknown}
 g - a scroll of torment {unknown}
 h - a scroll of summoning {unknown}
 i - 6 scrolls of teleportation {unknown}
 k - 3 scrolls of identify {unknown}
 n - 2 scrolls of fear {unknown}
 p - a scroll of magic mapping {unknown}
 q - a scroll of amnesia {unknown}
 r - 2 scrolls of fog {unknown}
Potions
 o - 4 potions of flight

Dungeon Overview and Level Annotations

Branches:
Dungeon (4/15)              Sewer (visited)
 Temple: D:4-7

Altars:
Zin

#≈#...........
#≈#...........
#≈#........(..
.
#≈#....####...
.. #.#....##
#. ...
#≈#.....##
(...
######...###
.....
##....##......
###..@J.?....
##.........
#.........
#...######
....# ....##
#####


You could see a jelly.


Message History

You kill the adder!
* * * LOW HITPOINT WARNING * * *
You feel very sick.
HP[-4]
You take 4 damage, and now have 7/42 hp.
It was a potion of attraction.
You feel attractive to monsters.
* * * LOW HITPOINT WARNING * * *
You feel sick.
HP[-2]
You take 2 damage, and now have 5/42 hp.
It was a potion of magic.
Magic courses through your body.
* * * LOW HITPOINT WARNING * * *
You feel sick.
HP[-1]
You take 1 damage, and now have 4/42 hp.
It was a potion of lignification.
You turn into a tree.
Your roots penetrate the ground.
* * * LOW HITPOINT WARNING * * *
You feel sick.
HP[+1]
You now have 63 max hp (+21).
It was a potion of might.
You feel very mighty all of a sudden.
* * * LOW HITPOINT WARNING * * *
You feel sick.
HP[-1]
You take 1 damage, and now have 4/63 hp.
You start resting.
* * * LOW HITPOINT WARNING * * *
You feel sick.
* * * LOW HITPOINT WARNING * * *
You feel sick.
* * * LOW HITPOINT WARNING * * *
You feel sick.
* * * LOW HITPOINT WARNING * * *
You feel sick.
You are no longer poisoned.
Your transformation is almost over.
You feel less attractive to monsters.
You feel less wooden.
You feel a little less mighty now.
HP[+38]
You now have 42 max hp (-21).
Your hp is fully restored (42).
You drop 2 potions of degeneration {!q@e2}.
There is a large open door, spattered with blood here.
You see here an adder skeleton.
Done exploring.
Done exploring.
Done exploring.
Sorry, you can't auto-travel out of here.
You see here 2 potions of degeneration {!q@e2}.
You see here an adder skeleton.
There is a gate leading back out of this place here.
Welcome back to the Dungeon!
There is a collapsed entrance here.
You see here an adder skeleton.
You see here 21 bolts.
You now have 215 gold pieces (gained 5).
A jelly comes into view.
One of your tentacles grows a vicious spike.
MP[-1]
You lost 1 mp, and now have 17/18 mp.
You fail to extend your transformation any further.
The jelly quivers.
MP[-1]
You lost 1 mp, and now have 16/18 mp.
The jelly closely misses you.
You hit the jelly. The acid corrodes you!
Your tentacles burn!
You pierce the jelly.
The jelly barely misses you.
HP[-1] MP[+1]
You take 1 damage, and now have 41/42 hp.
You hit the jelly. The acid corrodes you!
Your tentacles burn!
You pierce the jelly, but do no damage.
You squeeze the jelly, but do no damage.
The jelly closely misses you. x2
You hit the jelly but do no damage.
Your tentacles burn!
You pierce the jelly, but do no damage.
You squeeze the jelly. The jelly hits you.
You are splashed with acid!
* * * LOW HITPOINT WARNING * * *
You hit the jelly but do no damage.
Your tentacles burn!
* * * LOW HITPOINT WARNING * * *
You pierce the jelly, but do no damage.
You squeeze the jelly.
Your transformation is almost over.
The jelly hits you.
* * * LOW HITPOINT WARNING * * *
You are splashed with acid!
* * * LOW HITPOINT WARNING * * *
HP[-35]
You take 35 damage, and now have 6/42 hp.
MASSIVE DAMAGE!! (PAUSE)
You hit the jelly.
Your tentacles burn!
* * * LOW HITPOINT WARNING * * *
The jelly misses you. The jelly closely misses you.
HP[-1]
You take 1 damage, and now have 5/42 hp.
You barely miss the jelly. The jelly hits you.
* * * LOW HITPOINT WARNING * * *
You are splashed with acid.
You die...

Skill      XL: |  1  2  3  4  5  6 |
---------------+-------------------+-----
Stealth        | 1 2 3 4 |  4.1
Fighting       | 2 3 |  3.0
Unarmed Combat | 4 5 |  5.1
Dodging        | 3 |  3.5
Spellcasting   | |  2.0
Transmutations | |  2.0

Action                   |  1- 3 |  4- 6 || total
-------------------------+-------+-------++-------
Melee: Unarmed           |    72 |    20 ||    92
       Kick              |    19 |    35 ||    54
       Tentacles         |    16 |    33 ||    49
       Constrict         |    14 |    42 ||    56
       Trident           |       |   139 ||   139
       Punch             |       |     3 ||     3
 Cast: Beastly Appendage |    18 |    37 ||    55
  Use: Potion            |       |     6 ||     6
 Stab: Sleeping          |     8 |    17 ||    25
Armor: Skin              |     4 |     9 ||    13
Dodge: Dodged            |    26 |   118 ||   144

Levels and vault maps discovered:
D:1:      minmay_arrival_four_houses, layout_basic,
          hellmonk_ecumenical_altar_heavens_door, grunt_decor_resistance,
          st_stairs_12
D:2:      layout_loops_ring, serial_forest, infiniplex_forest_zigzag_2,
          infiniplex_forest_lined_2, infiniplex_forest_clump_diagonal,
          infiniplex_forest_clump_small, infiniplex_forest_end_3,
          infiniplex_forest_lined_room_3, infiniplex_forest_end_1,
          infiniplex_forest_corner_1, infiniplex_forest_lined_3, st_stairs_2,
          roderic_three_in_a_row, dk_vineyard_3
D:3:      layout_basic, mainiacjoe_overflow_tiny_flanked, kennysheep_nub
D:4:      layout_layer_cave, nemelex_xobeh_ov_fountains_minmay,
          portal_sewer_entry_d, uniq_sigmund, uniq_menkaure, uniq_blork_the_orc

Notes
Turn   | Place    | Note
-------+----------+-------------------------------------------
     0 | D:1      | zeratav the Octopode Transmuter began the quest for the
                  | Orb.
     0 | D:1      | Reached XP level 1. HP: 13/13 MP: 3/3
     0 | D:1      | magus.rc [v1.9.6]
   362 | D:1      | Reached XP level 2. HP: 18/18 MP: 5/5
   368 | D:1      | Reached skill level 1 in Stealth
   796 | D:1      | Found a faded altar of an unknown god.
  1003 | D:2      | Reached XP level 3. HP: 22/23 MP: 6/6
  1057 | D:2      | HP: 5/23 [hobgoblin (3)]
  1473 | D:2      | Reached skill level 2 in Stealth
  1538 | D:2      | Reached XP level 4. HP: 25/29 MP: 7/7
  1803 | D:2      | Reached skill level 2 in Fighting
  1803 | D:2      | Reached skill level 4 in Unarmed Combat
  2199 | D:3      | Reached XP level 5. HP: 34/34 MP: 8/8
  2282 | D:3      | Found a glowing silver altar of Zin.
  2885 | D:3      | Reached skill level 3 in Dodging
  2885 | D:3      | Reached skill level 3 in Stealth
  3037 | D:3      | Learned a level 3 spell: Spider Form
  3168 | D:4      | Found a glowing drain.
  3177 | Sewer    | Entered a sewer
  3217 | Sewer    | Reached XP level 6. HP: 33/41 MP: 9/9
  3818 | Sewer    | HP: 9/41 [poisoned by an adder]
  3821 | Sewer    | HP: 2/41 [ball python (3)]
  4153 | Sewer    | Reached skill level 5 in Unarmed Combat
  4159 | Sewer    | Reached skill level 3 in Fighting
  4159 | Sewer    | Reached skill level 4 in Stealth
  4482 | Sewer    | HP: 7/42 [poisoned by an adder]
  4487 | Sewer    | HP: 3/63 [poisoned by an adder]
  4490 | Sewer    | HP: 1/63 [poisoned by an adder]
  4867 | D:4      | HP: 6/42 [acid (8)]
  4869 | D:4      | Splashed by a jelly's acid

Vanquished Creatures
  A hound (D:4)
  An iguana (D:3)
  An orc wizard (D:2)
  13 adders
  7 river rats (Sewer)
  4 worms (Sewer)
  4 dart slugs
  3 orcs
  8 endoplasms
  6 giant cockroaches
  6 goblins
  6 hobgoblins
  11 jackals
  11 kobolds
  4 quokkas
  6 ball pythons
  14 bats
  8 frilled lizards
  6 rats
120 creatures vanquished.

Table legend:
 A = Non-vault XP
 B = Vault XP
 C = Vault XP percentage of total XP
 D = Non-vault monster count
 E = Vault monster count
 F = Vault count percentage of total count
                 A         B        C        D         E       F
            +---------+---------+-------+---------+---------+-------
      Total |     275 |     297 |  51.9 |      69 |      51 |  42.5
            +---------+---------+-------+---------+---------+-------
        D:1 |      30 |       1 |   3.2 |      17 |       1 |   5.6
        D:2 |     112 |       5 |   4.3 |      30 |       2 |   6.2
        D:3 |      86 |       0 |   0.0 |      20 |       0 |   0.0
        D:4 |      47 |      13 |  21.7 |       2 |       1 |  33.3
      Sewer |       0 |     278 | 100.0 |       0 |      47 | 100.0
            +---------+---------+-------+---------+---------+-------

Illustrated notes

Table legend:
 A = Kills in this place as a percentage of kills in entire the game.
 B = Kills by you in this place as a percentage of kills by you in the entire game.
 C = Kills by friends in this place as a percentage of kills by friends in the entire game.
 D = Other kills in this place as a percentage of other kills in the entire game.
 E = Experience gained in this place as a percentage of experience gained in the entire game.
 F = Experience gained in this place divided by the number of levels of this place that you have seen.
                   A       B       C       D       E      F
               +-------+-------+-------+-------+-------+----------------------
         Total | 100.0 | 100.0 |   N/A |   N/A | 100.0 | 114.4
       Dungeon |  60.8 |  60.8 |   N/A |   N/A |  51.4 |  73.5
         Sewer |  39.2 |  39.2 |   N/A |   N/A |  48.6 | 278.0
               +-------+-------+-------+-------+-------+----------------------

Table legend: (Time is in decaauts)
 A = Elapsed time spent in this place.
 B = Non-inter-level travel time spent in this place.
 C = Inter-level travel time spent in this place.
 D = Time resting spent in this place.
 E = Time spent auto-exploring this place.
 F = Levels seen in this place.
 G = Mean time per level.
                   A        B        C        D        E       F      G
               +--------+--------+--------+--------+--------+-----+--------+
         Total |   4902 |   4832 |     70 |   1279 |   2820 |   5 |  980.4 |
       Dungeon |   3217 |   3147 |     70 |    159 |   2550 |   4 |  804.2 |
         Sewer |   1684 |   1684 |      0 |   1120 |    270 |   1 | 1684.0 |
               +--------+--------+--------+--------+--------+-----+--------+

Top non-repeatable levels by time:
   Sewer: 1684 daAuts
     D:2: 1232 daAuts
     D:1: 934 daAuts
     D:3: 890 daAuts
     D:4: 159 daAuts
